Map: Blackburn LE

Players

MaSa

  • Race: Terran Terran

DisK - Winner!

  • Race: Protoss Protoss

Event: DreamHack SC2 Masters 2021 Winter

VOD

Have the link to the VOD?

Description

Time

  • Played on: Oct. 14, 2021, 5:27 p.m.
  • Length: 6:45

All games in this series

Show
View Real Time Build Order
Export as new Build Order

MaSa Terran 

Build Orders:  

Get SALT Encoding   

  12  0:00  SCV  
  13  0:12  SCV  
  14  0:17  Supply Depot  
  14  0:24  SCV  
  15  0:38  SCV  
  15  0:39  Barracks  
  16  0:43  Refinery  
  16  0:49  Refinery  
  16  0:53  SCV  
  17  1:05  SCV  
  17  1:08  Supply Depot  
  18  1:17  SCV  
  19  1:26  Reaper  
  19  1:29  Orbital Command  
  20  1:44  Factory  
  20  1:55  Barracks  
  20  2:00  Barracks Reactor  
  20  2:03  SCV  
  21  2:16  SCV  
  22  2:28  SCV  
  22  2:29  Widow Mine  
  25  2:30  Starport  
  25  2:36  Marine x2  
  27  2:40  Supply Depot, SCV  
  28  2:45  Barracks Tech Lab  
  28  2:52  SCV  
  28  2:54  Factory Tech Lab, Marine  
  29  2:59  Marine  
  30  3:07  Medivac  
  30  3:09  Marine  
  33  3:13  Siege Tank  
  33  3:19  Supply Depot  
  36  3:22  Marine  
  36  3:24  Marine  
  38  3:29  Combat Shield  
  38  3:31  Marine  
  39  3:41  Marine  
  40  3:43  Supply Depot  
  40  3:44  Marine  
  41  3:53  Marine  
  42  3:59  Marine  
  42  4:01  Marine  
  44  4:04  Siege Tank  
  47  4:11  Marine  
  47  4:16  Marine  
  49  4:19  Marine  
  46  4:29  Marine  
  43  4:34  Marine  
  43  4:36  Siege Tank  
  43  4:37  Marine  
  48  4:43  Supply Depot  
  48  4:45  Liberator  
  51  4:48  Marine  
  52  4:56  Marine x2  
  54  5:06  Marine  
  55  5:13  Marine  
  55  5:14  Marine  
  57  5:22  Siege Tank  
  60  5:31  Marine  
  59  5:36  Marine  
  51  6:01  Marine  
  47  6:08  Siege Tank  
  45  6:14  Marine x2  
  45  6:17  SCV  
  43  6:22  Marine  
Show
View Real Time Build Order
Export as new Build Order

DisK Protoss - Winner!

Build Orders: 1 Gate Expand 

Get SALT Encoding   

  12  0:00  Probe  
  13  0:12  Probe  
  14  0:17  Pylon  
  14  0:24  Probe  
  15  0:35  Gateway  
  15  0:36  Probe (Chrono Boost)  
  16  0:46  Probe (Chrono Boost)  
  16  0:47  Assimilator  
  17  0:51  Probe (Chrono Boost)  
  18  1:02  Probe  
  19  1:15  Probe  
  20  1:22  Cybernetics Core  
  20  1:34  Nexus  
  20  1:37  Probe  
  21  1:44  Pylon  
  21  1:50  Probe  
  21  1:52  Assimilator  
  22  2:00  Adept (Chrono Boost)  
  22  2:01  Warp Gate  
  22  2:06  Probe  
  25  2:18  Probe  
  25  2:22  Stalker (Chrono Boost)  
  28  2:30  Probe  
  29  2:40  Robotics Facility  
  29  2:42  Probe  
  30  2:54  Probe (Chrono Boost)  
  30  2:57  Stalker  
  30  2:58  Probe (Chrono Boost)  
  32  3:04  Shield Battery  
  33  3:06  Probe (Chrono Boost)  
  33  3:10  Probe (Chrono Boost)  
  33  3:11  Probe (Chrono Boost)  
  35  3:17  Gateway  
  35  3:21  Gateway  
  35  3:23  Probe  
  35  3:26  Probe  
  37  3:29  Observer  
  38  3:39  Probe x2  
  40  3:43  Pylon  
  40  3:49  Observer  
  40  3:53  Stalker  
  42  3:57  Probe x2  
  42  4:01  Immortal  
  46  4:08  Observer  
  46  4:09  Shield Battery  
  46  4:12  Stalker  
  48  4:18  Stalker x2  
  54  4:33  Pylon  
  54  4:34  Pylon  
  54  4:37  Gateway  
  52  4:43  Probe x2  
  52  4:45  Pylon  
  54  4:51  Warp Prism  
  56  4:57  Pylon  
  56  4:58  Probe x2  
  58  5:01  Assimilator  
  58  5:03  Sentry  
  58  5:04  Stalker  
  62  5:10  Stalker  
  64  5:21  Shield Battery x2  
  64  5:23  Pylon  
  64  5:33  Immortal (Chrono Boost)  
  64  5:40  Zealot  
  64  5:41  Zealot  
  64  5:42  Zealot x2  
  64  6:01  Stalker x2  
  62  6:14  Stalker x2  
  68  6:27  Zealot x2, Gateway x2  
  68  6:30  Probe x2  
  74  6:33  Assimilator  

Tags
 
Add a new tag
Caveats
  • Supply blocks, unpowered buildings, or Contaminate may cause inaccurate times.
  • Supply counts are checked every 10 seconds.